 Dungeon Crawl Stone Soup version 0.16.1-30-g34a7ffa (webtiles) character file.

48 Goblin1989 the Cudgeler (level 3, -4/21 HPs)
             Began as a Gargoyle Gladiator on June 20, 2015.
             Killed from afar by Sigmund (5 damage)
             ... with a magic dart
             ... on level 2 of the Dungeon.
             The game lasted 00:05:23 (1025 turns).

Goblin1989 the Cudgeler (Gargoyle Gladiator)        Turns: 1025, Time: 00:05:24

Health: -4/21      AC: 10    Str: 18    XL:     3   Next: 72%
Magic:  3/3        EV: 11    Int:  8    God:
Gold:   61         SH:  0    Dex: 11    Spells: 0 memorised, 2 levels left

rFire  . . .     SeeInvis .     a - +0 flail
rCold  . . .     Clarity  .     j - +0 ring mail
rNeg   + . .     SustAb   .     (no shield)
rPois  ∞         Gourm    .     c - +0 helmet
rElec  +         Spirit   .     g - +0 cloak
rCorr  .         Warding  .     (no gloves)
rMut   .         Stasis   .     (no boots)
MR     .....                    (no amulet)
Stlth  +.........               (no ring)
                                (no ring)

@: not resistant to hostile enchantments, very unstealthy
A: negative energy resistance 1, electricity resistance, unbreathing,
petrification resistance, rot immunity, AC +3
a: no special abilities


You were on level 2 of the Dungeon.
You were hungry.

You visited 1 branch of the dungeon, and saw 2 of its levels.

You collected 61 gold pieces.

Inventory:

Hand weapons
 a - a +0 flail (weapon)
Missiles
 d - 3 throwing nets (quivered)
Armour
 c - a +0 helmet (worn)
 g - a +0 cloak (worn)
 j - a +0 ring mail (worn)
 n - a +0 scale mail
Jewellery
 l - a +5 ring of intelligence {unknown}
Scrolls
 h - a scroll of magic mapping {unknown}
 i - a scroll of blinking {unknown}
Potions
 k - a potion of restore abilities {unknown}
 m - a potion of might {unknown}
 o - a potion of haste {unknown}
Comestibles
 b - a beef jerky
 f - 2 bread rations


   Skills:
 - Level 2.1 Fighting
 + Level 4.3 Maces & Flails
 - Level 2.0 Throwing
 + Level 1.2 Armour
 - Level 2.4 Dodging


You had 2 spell levels left.
You didn't know any spells.

Dungeon Overview and Level Annotations

Branches:
Dungeon (2/15)

Altars:

Annotations:
D:2 Robin, Sigmund


Innate Abilities, Weirdness & Mutations

You are resistant to torment.
You are immune to poison.
Your stone body is very resilient (AC +3).
You resist negative energy.
You are resistant to electric shocks.
You can survive without breathing.
You are immune to petrification.
You are immune to rotting.


Message History

Something hits you but does no damage.
There is a strange disturbance nearby!
You hear some strange, mumbled words.
The puff of flame hits you!
Your ring mail prevents you from hitting something.
Something hits you but does no damage.
You hit something. Something barely misses you.
You sock something! Something hits you but does no damage.
You hit something. You sock something!
You hear some strange, mumbled words.
The puff of flame hits you!
* * * LOW HITPOINT WARNING * * *
Something hits you.
* * * LOW HITPOINT WARNING * * *
You closely miss something. You miss something.
You hear some strange, mumbled words.
The magic dart hits you!
You die...

############### #########
#.............######........#####
##.#######>......................
#§# #......@............@...
#.#######.##...{..#.........####
#.......#.........#.........####
#######.#####...$.#..........)..
#.# #<#.....#........#####
#.###.#######.............
#.....# #######.#.{... #######
#.#..... #.....).


There were no monsters in sight!

Vanquished Creatures
  Terence (D:2)
  A worm (D:2)
  2 giant geckos (D:1)
  A giant cockroach (D:1)
  4 goblins
  3 hobgoblins (D:1)
  A quokka (D:1)
  7 bats
  2 giant newts
  3 kobolds (D:1)
  3 rats (D:1)
28 creatures vanquished.

Notes
Turn   | Place    | Note
--------------------------------------------------------------
     0 | D:1      | Goblin1989, the Gargoyle Gladiator, began the quest for the Orb.
     0 | D:1      | Reached XP level 1. HP: 12/12 MP: 1/1
   340 | D:1      | Reached XP level 2. HP: 17/17 MP: 2/2
   584 | D:1      | Reached skill level 4 in Maces & Flails
   788 | D:2      | Noticed Robin
   807 | D:1      | Reached XP level 3. HP: 21/21 MP: 3/3
   848 | D:2      | Noticed Terence
   875 | D:2      | Killed Terence
   895 | D:2      | Noticed Sigmund
  1008 | D:2      | Reached skill level 1 in Armour
  1023 | D:2      | HP: 1/21 [something (4)]
  1025 | D:2      | Killed from afar by Sigmund

Action                   || total
-------------------------++-------
Melee: Flail             ||   104
  Use: Scroll            ||     1
